 Dungeon Crawl Stone Soup version 0.31-a0-175-g9f7f995f2b (webtiles) character file.

Game seed: 1650817960541150504

6716 qw the Cleaver (level 11, -7/68 HPs)
             Began as a Gargoyle Fighter on June 16, 2023.
             Was a Believer of Okawaru.
             Killed by the air
             ... invoked by Gastronok
              (29 damage)
             ... on level 9 of the Dungeon.
             The game lasted 00:04:16 (8532 turns).

qw the Cleaver (Gargoyle Fighter)                   Turns: 8532, Time: 00:04:16

Health: -7/68      AC: 23    Str: 24    XL:     11   Next: 4%
Magic:  12/14      EV: 12    Int:  9    God:    Okawaru [**....]
Gold:   371        SH: 12    Dex:  9    Spells: 10/10 levels left

rFire   + . .        Y - +3 war axe
rCold   . . .        k - +0 kite shield
rNeg    + . .        r - +7 ring mail "Zenauf" {Rampage Will+ SInv}
rPois   inf          (no helmet)
rElec   +            m - scarf {repulsion}
rCorr   .            t - +0 pair of gloves
SInv    +            (no boots)
Will    +....        s - amulet of regeneration
Stlth   ++           a - ring of protection from fire
HPRegen 1.11/turn    (no ring)
MPRegen 0.14/turn

%: repel missiles, rampage
@: heroic
A: sickness immunity, AC +8, negative energy resistance 1, electricity
resistance, torment resistance 1, petrification resistance
a: Renounce Religion, Heroism


You were on level 9 of the Dungeon.
You worshipped Okawaru.
Okawaru was pleased with you.
You visited 2 branches of the dungeon, and saw 10 of its levels.

You collected 644 gold pieces.
You spent 273 gold pieces at shops.


Innate Abilities, Weirdness & Mutations

You are immune to sickness and miasma.
Your stone body is resilient. (AC +8)
You are immune to poison.
You resist negative energy. (rN+)
You are resistant to electric shocks. (rElec)
You are resistant to unholy torment.
You are immune to petrification.


   Skills:
 - Level 8.1(13.1) Fighting
 - Level 11.1(16.1) Axes
 - Level 2.1(7.1) Throwing
 - Level 3.2(8.2) Armour
 - Level 2.0(7.0) Dodging
 + Level 8.7(13.7) Shields
 - Level 4.2 Invocations


You had 10 spell levels left.
You didn't know any spells.
Your spell library was empty.

Inventory:

Hand Weapons
 j - the +5 mace "Citreh" {vamp, +Blink Int+4}
   (You found it on level 5 of the Dungeon)

   Int:       It affects your intelligence (+4).
   +Blink:    It lets you blink.
 v - a +4 flail
 Y - a +3 war axe (weapon)
Missiles
 e - 4 boomerangs
 u - 2 silver boomerangs (quivered)
Armour
 b - a +0 pair of boots
 k - a +0 kite shield (worn)
 m - a scarf of repulsion (worn)
 q - a +0 plate armour
 r - the +7 ring mail "Zenauf" (worn) {Rampage Will+ SInv}
   (You took it off an orc on level 3 of the Dungeon)

   SInv:      It lets you see invisible.
   Rampage:   It bestows one free step when moving towards enemies.
   Will:      It increases your willpower.
 t - a +0 pair of gloves (worn)
Jewellery
 a - a ring of protection from fire (left hand)
 h - a ring of ice
 l - a ring of see invisible
 s - an amulet of regeneration (around neck)
Scrolls
 f - a scroll of identify
 i - 7 scrolls of teleportation
Potions
 c - a potion of enlightenment {unknown}
 d - 5 potions of might
 g - 2 potions of lignification
 n - a potion of haste
 o - a potion of resistance
 p - 3 potions of curing

Dungeon Overview and Level Annotations

Branches:
Dungeon (9/15)             Temple (1/1) D:7
   Lair: D:8-11         Orc: D:9-12

Altars:
Ashenzari
Cheibriados
Dithmenos
Elyvilon
Fedhas
Gozag
Hepliaklqana
Kikubaaqudgha
Makhleb
Nemelex Xobeh
Okawaru
Qazlal
Ru
Sif Muna
Trog
Uskayaw
Vehumet
Xom
Zin

Shops:
D:4 !*

Annotations:
D:5 1 runed translucent door, Crazy Yiuf
D:9 Gastronok


Message History

You hit Gastronok but do no damage.
Gastronok is lightly wounded.
Gastronok bites you but does no damage.
You slash Gastronok!
Gastronok is lightly wounded.
You slash Gastronok!
Gastronok is moderately wounded.
You feel like a meek peon again.
Gastronok waves his eye-stalks in wide circles.
The air twists around and strikes you!
8525 ||| INVOKING Heroism.
You gain the combat prowess of a mighty hero.
You block the water moccasin's attack.
The water moccasin bites you but does no damage.
You hit Gastronok.
Gastronok is moderately wounded.
You barely miss the water moccasin. The water moccasin closely misses you.
You hit Gastronok but do no damage.
Gastronok is moderately wounded.
You slash the water moccasin! Gastronok bites you!
The water moccasin bites you but does no damage.
You slice the water moccasin!!
You kill the water moccasin!
Okawaru accepts your kill.
You hit Gastronok. You slice Gastronok!!
Gastronok is heavily wounded.
Gastronok gurgles, "I'll eat you, I will!"
Gastronok bites you but does no damage.
You hit Gastronok.
Gastronok is heavily wounded.
You slash Gastronok!
Gastronok is heavily wounded.
You slice Gastronok!!
Gastronok is severely wounded.
Gastronok waves his eye-stalks in wide circles.
The air twists around and strikes you!!
You die...

# ## ~~ . .. ¤¤~ #. .##
¤¤~~~.##'# ..
#......#...## .#
#...#..#...:w## )##..#
#......%@## .
.#...####........>####....
........'.......))')......
.....####.........####....
....## #.......## . ...##
##.....## #.## ##...## #.#
##'## #.# #.#


You could see Gastronok.

Vanquished Creatures
  2 two-headed ogres
  An unseen horror zombie (D:9)
  Prince Ribbit (D:5)
  Sigmund (D:6)
  A vampire (D:8)
  3 wyverns (D:8)
  Grum (D:8)
  2 steam dragons
  3 water moccasins
  Duvessa (D:5)
  An orc warrior (D:7)
  2 ice beasts (D:7)
  A black bear (D:7)
  A sky beast (D:7)
  3 ogres (D:6)
  2 centaurs (D:9)
  2 wolves (D:8)
  2 phantoms (D:6)
  2 kobold brigands
  3 bullfrogs
  2 scorpions
  2 gnoll sergeants (D:8)
  7 wights
  7 killer bees
  Dowan (D:5)
  A howler monkey (D:7)
  A centaur zombie (D:9)
  3 jellies
  4 hounds
  A sleepcap (D:7)
  7 orc priests
  A gnoll bouda (D:9)
  3 orc wizards
  5 iguanas
  14 gnolls
  6 adders
  A shadow imp (D:6)
  An ufetubus (D:5)
  3 worms
  4 dart slugs
  22 orcs
  2 ball pythons (D:1)
  7 bats
  9 endoplasms
  3 giant cockroaches
  9 goblins
  6 hobgoblins
  6 jackals (D:4)
  17 kobolds
  A quokka (D:4)
  4 frilled lizards
  5 rats
200 creatures vanquished.

Notes
Turn   | Place    | Note
-------+----------+-------------------------------------------
     0 | D:1      | qw the Gargoyle Fighter began the quest for the Orb.
     0 | D:1      | Reached XP level 1. HP: 14/14 MP: 1/1
     0 | D:1      | 0 ||| qw: Version: 0.2-a-29-g511e9b1
     0 | D:1      | 0 ||| qw: Game counter: 5869
     0 | D:1      | 0 ||| qw: Always use a shield: true
     0 | D:1      | 0 ||| qw: God list: Okawaru
     0 | D:1      | 0 ||| qw: Allow faded altars: false
     0 | D:1      | 0 ||| qw: Do Orc after D:15 true
     0 | D:1      | 0 ||| qw: Do second Lair branch before Depths: true
     0 | D:1      | 0 ||| qw: Lair rune preference: random
     0 | D:1      | 0 ||| qw: Plans: Normal, Zot:1-4, Slime:5, God:TSO, Crypt,
                  | Tomb, Abyss, Pan, Hells, Win
     0 | D:1      | 0 ||| PLANNING D:1-11
    70 | D:1      | Reached skill level 2 in Axes
   164 | D:1      | Reached XP level 2. HP: 19/19 MP: 2/2
   352 | D:1      | 352 ||| Stepping ~*~*~tactically~*~*~ (stealth).
   416 | D:1      | Reached skill level 3 in Axes
   578 | D:1      | Reached XP level 3. HP: 23/23 MP: 3/3
   931 | D:1      | 931 ||| UPGRADING to amulet of guardian spirit.
   936 | D:1      | 936 ||| READING scroll labelled ZUOTER UDUSI.
  1088 | D:2      | 1088 ||| Stepping ~*~*~tactically~*~*~ (stealth).
  1369 | D:2      | 1369 ||| Stepping ~*~*~tactically~*~*~ (hiding).
  1370 | D:2      | 1370 ||| Stepping ~*~*~tactically~*~*~ (hiding).
  1487 | D:2      | 1487 ||| Stepping ~*~*~tactically~*~*~ (stealth).
  1496 | D:2      | Identified the +0 leather armour of Miracles {-Tele Fly
                  | Int+3 Slay+3}
  1498 | D:2      | 1498 ||| Stepping ~*~*~tactically~*~*~ (stealth).
  1519 | D:2      | 1519 ||| Stepping ~*~*~tactically~*~*~ (hiding).
  1522 | D:2      | 1522 ||| Stepping ~*~*~tactically~*~*~ (hiding).
  1531 | D:2      | Reached XP level 4. HP: 28/28 MP: 4/4
  1841 | D:2      | Reached skill level 4 in Axes
  2042 | D:2      | 2042 ||| UPGRADING to ring of protection from fire.
  2043 | D:2      | 2043 ||| UPGRADING to ring of see invisible.
  2044 | D:2      | 2044 ||| READING scroll labelled CEDYOQ QANG.
  2045 | D:2      | 2045 ||| READING 2 scrolls labelled JATEED DAUSM.
  2075 | D:3      | Found a snail-covered altar of Cheibriados.
  2113 | D:3      | 2113 ||| Stepping ~*~*~tactically~*~*~ (hiding).
  2124 | D:3      | Reached XP level 5. HP: 14/32 MP: 2/5
  2208 | D:3      | 2208 ||| Stepping ~*~*~tactically~*~*~ (stealth).
  2304 | D:3      | Found a faded altar of an unknown god.
  2314 | D:3      | Found a white marble altar of Elyvilon.
  2374 | D:3      | 2374 ||| Stepping ~*~*~tactically~*~*~ (hiding).
  2382 | D:3      | 2382 ||| Stepping ~*~*~tactically~*~*~ (hiding).
  2383 | D:3      | 2383 ||| Stepping ~*~*~tactically~*~*~ (hiding).
  2517 | D:3      | 2517 ||| Stepping ~*~*~tactically~*~*~ (hiding).
  2739 | D:3      | 2739 ||| Stepping ~*~*~tactically~*~*~ (hiding).
  2741 | D:3      | 2741 ||| Stepping ~*~*~tactically~*~*~ (stealth).
  2742 | D:3      | 2742 ||| Stepping ~*~*~tactically~*~*~ (stealth).
  2746 | D:3      | Reached skill level 5 in Axes
  2749 | D:3      | 2749 ||| Stepping ~*~*~tactically~*~*~ (stealth).
  2989 | D:3      | Identified the +7 ring mail "Zenauf" {Rampage Will+ SInv}
  2990 | D:3      | 2990 ||| Stepping ~*~*~tactically~*~*~ (stealth).
  2991 | D:3      | 2991 ||| Stepping ~*~*~tactically~*~*~ (stealth).
  3013 | D:3      | 3013 ||| Stepping ~*~*~tactically~*~*~ (hiding).
  3556 | D:3      | 3556 ||| DROPPING +0 leather armour of Miracles {-Tele Fly
                  | Int+3 Slay+3}.
  3557 | D:3      | 3557 ||| UPGRADING to +0 chain mail.
  3567 | D:3      | 3567 ||| DROPPING +0 scale mail.
  3568 | D:3      | 3568 ||| UPGRADING to +7 ring mail "Zenauf" {Rampage Will+
                  | SInv}.
  3578 | D:3      | 3578 ||| REMOVING ring of see invisible.
  3579 | D:3      | 3579 ||| DROPPING +0 chain mail.
  3580 | D:3      | 3580 ||| READING 2 scrolls labelled FAPOULAHEY.
  3581 | D:3      | 3581 ||| READING scroll of enchant weapon.
  3581 | D:3      | 3581 ||| ENCHANTING +1 war axe.
  3582 | D:3      | 3582 ||| READING scroll labelled OSO XACUM VUYCK.
  3583 | D:3      | 3583 ||| READING scroll labelled YNYEQY YJASS.
  3584 | D:3      | 3584 ||| DRINKING 2 bubbling sapphire potions.
  3585 | D:3      | 3585 ||| DRINKING 2 fuming grey potions.
  3586 | D:3      | 3586 ||| DROPPING potion of invisibility.
  3625 | D:4      | 3625 ||| Stepping ~*~*~tactically~*~*~ (hiding).
  3627 | D:4      | 3627 ||| Stepping ~*~*~tactically~*~*~ (hiding).
  3755 | D:4      | Found a shimmering altar of Xom.
  3792 | D:4      | 3792 ||| Stepping ~*~*~tactically~*~*~ (stealth).
  3826 | D:4      | Reached skill level 1 in Dodging
  3860 | D:4      | Reached XP level 6. HP: 33/37 MP: 6/6
  3965 | D:4      | Found Polusin's Gadget Gallery.
  4021 | D:4      | Found Toralacw's Distillery.
  4025 | D:4      | 4025 ||| BUYING 2 potions of might (104 gold).
  4025 | D:4      | Bought 2 potions of might for 104 gold pieces
  4025 | D:4      | 4025 ||| BUYING potion of curing (39 gold).
  4025 | D:4      | Bought a potion of curing for 39 gold pieces
  4025 | D:4      | 4025 ||| BUYING potion of haste (130 gold).
  4025 | D:4      | Bought a potion of haste for 130 gold pieces
  4025 | D:4      | 4025 ||| SHOPLISTING potion of heal wounds (65 gold, have
                  | 10).
  4025 | D:4      | 4025 ||| SHOPLISTING potion of might (52 gold, have 10).
  4054 | D:4      | 4054 ||| Stepping ~*~*~tactically~*~*~ (stealth).
  4136 | D:4      | Found a sparkling altar of Nemelex Xobeh.
  4140 | D:4      | 4140 ||| UPGRADING to scarf of repulsion.
  4145 | D:4      | 4145 ||| DROPPING ring of flight.
  4146 | D:4      | 4146 ||| READING scroll labelled ZUEDUU UZURADUZ.
  4155 | D:5      | Entered Level 5 of the Dungeon
  4174 | D:5      | Noticed Prince Ribbit
  4201 | D:5      | Killed Prince Ribbit
  4202 | D:5      | Reached skill level 6 in Axes
  4202 | D:5      | Reached XP level 7. HP: 17/43 MP: 3/7
  4401 | D:5      | 4401 ||| DROPPING +0 whip.
  4530 | D:5      | Noticed Duvessa
  4532 | D:5      | Noticed Dowan
  4546 | D:5      | Killed Duvessa
  4547 | D:5      | Reached skill level 7 in Axes
  4548 | D:5      | Killed Dowan
  4614 | D:5      | Identified the +5 mace "Citreh" {vamp, +Blink Int+4}
  4734 | D:5      | Found a runed translucent door.
  4735 | D:5      | Noticed Crazy Yiuf
  5139 | D:5      | 5139 ||| DROPPING +2 ring mail of cold resistance.
  5140 | D:5      | 5140 ||| UPGRADING to +0 pair of gloves.
  5145 | D:5      | 5145 ||| DRINKING 2 purple potions.
  5184 | D:5      | 5184 ||| DRINKING 2 sapphire potions.
  5251 | D:6      | Reached XP level 8. HP: 28/49 MP: 4/8
  5287 | D:6      | 5287 ||| FLEEEEING.
  5291 | D:6      | 5291 ||| STAIRDANCE
  5452 | D:6      | HP: 10/49 [ogre/+0 giant club (6)]
  5453 | D:6      | 5453 ||| READING 2 scrolls of teleportation.
  5453 | D:6      | HP: 1/49 [ogre/+0 giant club (9)]
  5454 | D:6      | 5454 ||| DRINKING potion of heal wounds.
  5458 | D:6      | Noticed Sigmund
  5479 | D:6      | Killed Sigmund
  5480 | D:6      | Reached skill level 8 in Axes
  5661 | D:6      | Reached skill level 6 in Fighting
  5675 | D:6      | Found a blossoming altar of Fedhas.
  5675 | D:6      | Found a burning altar of Makhleb.
  5678 | D:6      | 5678 ||| READING scroll labelled LOJY NALEONUTE.
  5699 | D:6      | 5699 ||| FLEEEEING.
  5701 | D:6      | 5701 ||| FLEEEEING.
  5702 | D:6      | 5702 ||| FLEEEEING.
  5953 | D:6      | Reached skill level 1 in Throwing
  5966 | D:6      | Reached skill level 9 in Axes
  5966 | D:6      | Reached XP level 9. HP: 56/56 MP: 9/9
  6123 | D:6      | 6123 ||| UPGRADING to amulet of regeneration.
  6133 | D:6      | 6133 ||| DROPPING amulet of guardian spirit.
  6134 | D:6      | 6134 ||| DRINKING 2 puce potions.
  6135 | D:6      | 6135 ||| DROPPING potion of brilliance.
  6181 | D:7      | 6181 ||| Stepping ~*~*~tactically~*~*~ (stealth).
  6183 | D:7      | 6183 ||| Stepping ~*~*~tactically~*~*~ (stealth).
  6184 | D:7      | 6184 ||| Stepping ~*~*~tactically~*~*~ (stealth).
  6292 | D:7      | 6292 ||| Stepping ~*~*~tactically~*~*~ (hiding).
  6297 | D:7      | 6297 ||| Stepping ~*~*~tactically~*~*~ (hiding).
  6350 | D:7      | 6350 ||| Stepping ~*~*~tactically~*~*~ (stealth).
  6351 | D:7      | 6351 ||| Stepping ~*~*~tactically~*~*~ (stealth).
  6353 | D:7      | 6353 ||| Stepping ~*~*~tactically~*~*~ (stealth).
  6556 | D:7      | Found a shimmering blue altar of Sif Muna.
  6645 | D:7      | Found a staircase to the Ecumenical Temple.
  6646 | D:7      | 6646 ||| PLANNING TEMPLE
  6647 | D:7      | 6647 ||| Stepping ~*~*~tactically~*~*~ (hiding).
  6761 | Temple   | Entered the Ecumenical Temple
  6956 | Temple   | 6956 ||| PLANNING D:1-11
  6987 | D:7      | Reached skill level 10 in Axes
  7225 | D:7      | 7225 ||| READING scroll of enchant weapon.
  7225 | D:7      | 7225 ||| ENCHANTING +2 war axe.
  7358 | D:7      | Found a hide-covered altar of Uskayaw.
  7366 | D:7      | Found an iron altar of Okawaru.
  7367 | D:7      | 7367 ||| PLANNING OKAWARU WORSHIP
  7367 | D:7      | 7367 ||| READING scroll labelled KEOC BEGA YCW.
  7368 | D:7      | 7368 ||| READING 2 scrolls of identify.
  7368 | D:7      | 7368 ||| IDENTIFYING fizzy silvery potion
  7369 | D:7      | 7369 ||| DROPPING potion of degeneration.
  7373 | D:7      | Became a worshipper of Warmaster Okawaru
  7374 | D:7      | 7374 ||| PLANNING D:1-11
  7595 | D:8      | 7595 ||| Stepping ~*~*~tactically~*~*~ (stealth).
  7597 | D:8      | Noticed Grum
  7601 | D:8      | Reached XP level 10. HP: 64/64 MP: 10/10
  7602 | D:8      | 7602 ||| Stepping ~*~*~tactically~*~*~ (stealth).
  7608 | D:8      | Killed Grum
  7640 | D:8      | 7640 ||| Stepping ~*~*~tactically~*~*~ (hiding).
  7663 | D:8      | Reached * piety under Okawaru
  7665 | D:8      | 7665 ||| Stepping ~*~*~tactically~*~*~ (hiding).
  7675 | D:8      | 7675 ||| Stepping ~*~*~tactically~*~*~ (stealth).
  7686 | D:8      | Reached skill level 1 in Invocations
  7698 | D:8      | 7698 ||| Stepping ~*~*~tactically~*~*~ (stealth).
  7740 | D:8      | 7740 ||| Stepping ~*~*~tactically~*~*~ (stealth).
  7815 | D:8      | 7815 ||| INVOKING Heroism.
  7998 | D:8      | Reached skill level 3 in Invocations
  8065 | D:8      | Noticed a two-headed ogre
  8066 | D:8      | 8066 ||| INVOKING Heroism.
  8068 | D:8      | 8068 ||| Stepping ~*~*~tactically~*~*~ (stealth).
  8073 | D:8      | Killed a two-headed ogre
  8074 | D:8      | Reached skill level 11 in Axes
  8077 | D:8      | 8077 ||| Stepping ~*~*~tactically~*~*~ (hiding).
  8158 | D:8      | 8158 ||| UPGRADING to +0 kite shield.
  8168 | D:8      | 8168 ||| DROPPING +0 buckler.
  8169 | D:8      | 8169 ||| READING 2 scrolls of identify.
  8169 | D:8      | 8169 ||| IDENTIFYING glowing golden potion
  8257 | D:9      | Reached ** piety under Okawaru
  8260 | D:9      | 8260 ||| DROPPING +0 flail.
  8261 | D:9      | Noticed a two-headed ogre
  8262 | D:9      | 8262 ||| INVOKING Heroism.
  8269 | D:9      | Killed a two-headed ogre
  8270 | D:9      | Reached skill level 6 in Shields
  8378 | D:9      | 8378 ||| Stepping ~*~*~tactically~*~*~ (hiding).
  8426 | D:9      | 8426 ||| Stepping ~*~*~tactically~*~*~ (stealth).
  8466 | D:9      | Reached XP level 11. HP: 68/68 MP: 14/14
  8480 | D:9      | 8480 ||| FLEEEEING.
  8481 | D:9      | 8481 ||| Stepping ~*~*~tactically~*~*~ (hiding).
  8499 | D:9      | 8499 ||| INVOKING Heroism.
  8505 | D:9      | Noticed Gastronok
  8525 | D:9      | 8525 ||| INVOKING Heroism.
  8532 | D:9      | Killed from afar by Gastronok

Levels and vault maps discovered:
D:1:      amcnicky_arrival_abandoned_market, layout_loops_ring, minivault_25
D:2:      layout_basic
D:3:      minmay_inner_zag, layout_loops_ring, general_overflow_altar,
          nicolae_overflow_crystal_walls, basic_ecumenical_altar,
          mrwooster_statue_mirror, lemuel_flame_loot_1
D:4:      layout_basic, xom_teletrap_fun, nemelex_diamond_rough_becter,
          serial_shops, shop, nicolae_shop_gadgets
D:5:      layout_gridville, uniq_crazy_yiuf_cottage, uniq_prince_ribbit1,
          uniq_duvessa
D:6:      layout_cave_pools, jmf_multi_god_temple, uniq_sigmund
D:7:      layout_gridville, mainiacjoe_overflow_tiny_flanked,
          mainiacjoe_overflow_big_doors, minmay_temple_entry_proselytizer
D:8:      layout_rooms, chequers_decorated_corner, kennysheep_donut,
          minmay_fractal_squares_gapless_5, uniq_grum
D:9:      layout_loops_corners, lemuel_doored_altar, serial_undead,
          serial_undead_c, serial_undead_f, serial_undead_f, serial_undead_f,
          serial_undead_e, serial_undead_b, grunt_decor_one_mirror,
          nzn_life_drinkers, uniq_gastronok
Temple:   dpeg_chambers_temple

Skill      XL: |  1  2  3  4  5  6  7  8  9 10 |
---------------+-------------------------------+-----
Axes           | 2 3 4 5 6 7 9 10 11 | 11.1
Dodging        | 1 2 |  2.0
Fighting       | 4 5 6 8 |  8.1
Throwing       | 1 2 |  2.1
Shields        | 5 8 |  8.7
Invocations    | 4 |  4.2
Armour         | |  3.2

Action                     |  1- 3 |  4- 6 |  7- 9 | 10-12 || total
---------------------------+-------+-------+-------+-------++-------
  Melee: War axe           |   101 |   122 |   282 |   144 ||   649
  Throw: Boomerang         |       |    51 |    38 |    22 ||   111
 Invoke: Heroism           |       |       |       |     5 ||     5
    Use: Scroll            |     1 |     7 |     5 |     1 ||    14
         Potion            |       |     2 |     4 |       ||     6
 Armour: Scale mail        |    43 |    30 |       |       ||    73
         Ring mail         |       |    15 |   176 |    76 ||   267
  Dodge: Dodged            |    45 |    45 |   147 |    59 ||   296
         Repelled          |       |       |     3 |       ||     3
  Block: Buckler           |    12 |    20 |    71 |    14 ||   117
         Kite shield       |       |       |       |    29 ||    29

Table legend:
 A = Non-vault XP
 B = Vault XP
 C = Vault XP percentage of total XP
 D = Non-vault monster count
 E = Vault monster count
 F = Vault count percentage of total count
                 A         B        C        D         E       F
            +---------+---------+-------+---------+---------+-------
      Total |    6205 |    3390 |  35.3 |     174 |      26 |  13.0
            +---------+---------+-------+---------+---------+-------
        D:1 |      37 |       0 |   0.0 |      21 |       0 |   0.0
        D:2 |      68 |       0 |   0.0 |      21 |       0 |   0.0
        D:3 |     129 |      23 |  15.1 |      22 |       5 |  18.5
        D:4 |     158 |       0 |   0.0 |      18 |       0 |   0.0
        D:5 |     296 |     460 |  60.8 |      13 |       3 |  18.8
        D:6 |     921 |     375 |  28.9 |      15 |       3 |  16.7
        D:7 |    1635 |      41 |   2.4 |      29 |       1 |   3.3
        D:8 |    1272 |    1776 |  58.3 |      21 |       8 |  27.6
        D:9 |    1689 |     715 |  29.7 |      14 |       6 |  30.0
            +---------+---------+-------+---------+---------+-------
